 Dungeon Crawl Stone Soup version 0.28-a0-1510-gd0f6b136d3 (webtiles) character file.

Game seed: 10061532233197915938

247 comborobin the Ruffian (level 5, 0/41 HPs)
             Began as a Mummy Delver on Jan 15, 2022.
             Was an Initiate of Cheibriados.
             Slain by an orc (3 damage)
             ... on level 6 of the Dungeon.
             The game lasted 00:03:48 (2714 turns).

comborobin the Ruffian (Mummy Delver)               Turns: 2714, Time: 00:03:48

Health: 0/41       AC:  5    Str: 18    XL:     5   Next: 85%
Magic:  14/14      EV: 11    Int: 11    God:    Cheibriados [......]
Gold:   67         SH:  0    Dex: 14    Spells: 4/4 levels left

rFire   x . .      SeeInvis .     - Unarmed
rCold   + . .      Faith    .   (no shield)
rNeg    + + +      Spirit   .   f - +0 ring mail
rPois   ∞          Reflect  .   (no helmet)
rElec   .          Harm     .   (no cloak)
rCorr   .          Rampage  .   (no gloves)
Will    .....                   (no boots)
Stlth   ++........              (no amulet)
HPRegen 0.13/turn               i - ring of magical power
MPRegen 0.14/turn               (no ring)

@: slow
A: cold resistance 1, negative energy resistance 3, torment resistance 2, heat
vulnerability 1, no potions
a: Renounce Religion


You were on level 6 of the Dungeon.
You worshipped Cheibriados.
Cheibriados was noncommittal.
You visited 2 branches of the dungeon, and saw 5 of its levels.

You collected 67 gold pieces.

Inventory:

Missiles
 c - a curare-tipped dart (quivered)
Armour
 a - a +0 leather armour
 d - a +0 chain mail
 f - a +0 ring mail (worn)
Jewellery
 i - a ring of magical power (left hand)


   Skills:
 - Level 3.0 Fighting
 - Level 1.5 Dodging
 - Level 4.1 Stealth
 + Level 5.1 Unarmed Combat


You had 4 spell levels left.
You didn't know any spells.
Your spell library was empty.

Dungeon Overview and Level Annotations

Branches:
Dungeon (7/15)             Temple (1/1) D:6

Altars:
Ashenzari
Cheibriados
Gozag
Hepliaklqana
Kikubaaqudgha
Nemelex Xobeh
Okawaru
Sif Muna
Uskayaw
Vehumet
Yredelemnul
The Shining One

Annotations:
D:4 1 transporter, exclusion: black bear
D:5 exclusions: gnoll and gnoll shaman, Dowan, Duvessa
D:6 exclusion: sky beast


Innate Abilities, Weirdness & Mutations

You are immune to poison.
Your flesh is cold resistant. (rC+)
You are immune to negative energy. (rN+++)
You are immune to unholy pain and torment.
You are vulnerable to heat. (rF-)
You do not drink.


Message History

Okay, then.
You hit the orc.
The orc is severely wounded.
The orc barely misses you.
Okay, then.
Aiming: Dig
Press: ? - help, Shift-Dir - straight line A rock wall.
The rock shatters into small pieces.
The phantom's inner flame fades away.
The orc closely misses you. The orc closely misses you.
The orc hits you with a +0 club.
An orc wizard appears from thin air!
Reactivating autopickup.
You don't have any such object.
Evoke which item? (* to show all) (? for menu, Esc to quit)
You don't have any such object.
Evoke which item? (* to show all) (? for menu, Esc to quit)
Okay, then.
Aiming: Dig
Press: ? - help, Shift-Dir - straight line A rock wall.
The rock shatters into small pieces.
The now-empty wand crumbles to dust.
The orc closely misses you. The orc hits you with a +0 club.
The orc wizard mumbles some strange words.
The orc wizard flickers and vanishes!
Deactivating autopickup; reactivate with Ctrl-A.
The orc barely misses you. The orc barely misses you.
The orc hits you with a +0 club.
* * * LOW HITPOINT WARNING * * *
The orc hits you with a +0 club.
* * * LOW HITPOINT WARNING * * *
The ice beast hits you.
* * * LOW HITPOINT WARNING * * *
The ice beast freezes you. You resist.
* * * LOW HITPOINT WARNING * * *
The orc hits you with a +0 club.
You die...

.........###..........#
......................##
.........#............####
........###.(..........#.##
..........................##
#.............#.###........#
#.......)....#######......##
.............#####.#....###
.............@.Y.o......###
..#..!.........o.W...##....##
......#...#....#....##......#
......#.⌠.#....#...........##
....###...###........o...###
.........§§§........#....##
..#..⌠..>§W⌠...#....#...#.##
..#.....o...........#..###.##
....###..o###§Y..##....#
##.##


You could see a phantom, an ice beast and 3 orcs.

Vanquished Creatures
  A water moccasin zombie (D:6)
  2 hounds
  A scorpion zombie (D:5)
  An orc wizard (D:4)
  A hound zombie (D:5)
  A hound skeleton (D:4)
  A howler monkey skeleton (D:4)
  An adder (D:4)
  A shadow imp (D:6)
  2 dart slugs (D:4)
  4 orcs
  An endoplasm (D:4)
  3 goblins (D:4)
  A hobgoblin (D:4)
  3 jackals
  A kobold (D:4)
  A ball python (D:4)
26 creatures vanquished.

Notes
Turn   | Place    | Note
-------+----------+-------------------------------------------
     0 | D:5      | comborobin the Mummy Delver began the quest for the Orb.
     0 | D:5      | Reached XP level 1. HP: 18/18 MP: 1/1
    50 | D:6      | Reached skill level 2 in Unarmed Combat
   344 | D:5      | Reached XP level 2. HP: 10/24 MP: 2/2
   555 | D:5      | Reached skill level 3 in Unarmed Combat
   555 | D:5      | Reached XP level 3. HP: 19/29 MP: 3/3
   756 | D:4      | Reached XP level 4. HP: 29/35 MP: 4/4
  1076 | D:5      | Noticed Duvessa
  1076 | D:5      | Noticed Dowan
  1157 | D:4      | Reached skill level 4 in Unarmed Combat
  1340 | D:4      | Reached XP level 5. HP: 31/41 MP: 5/5
  1515 | D:4      | Found a transporter.
  1593 | D:4      | Noticed a small abomination
  1838 | D:4      | Noticed a black bear
  2211 | D:6      | Reached skill level 5 in Unarmed Combat
  2294 | D:6      | Noticed a sky beast
  2348 | D:6      | Found a staircase to the Ecumenical Temple.
  2359 | Temple   | Entered the Ecumenical Temple
  2598 | Temple   | Became a worshipper of Cheibriados the Contemplative
  2648 | D:6      | Noticed an ice beast
  2650 | D:6      | Noticed a phantom
  2714 | D:6      | Slain by an orc

Illustrated notes

Levels and vault maps discovered:
D:4:      layout_loops_ring, tso_metal_star, gammafunk_ghost_abyssal_escape
D:5:      layout_basic, nicolae_qazlal_scattered_showers, tgw_xom, minitemple,
          uniq_duvessa
D:6:      layout_cave_pools, minmay_temple_entry_junction_2, serial_shops,
          nicolae_shop_temple_entry_statues_fountains
D:7:      layout_basic
Temple:   minmay_temple_curvy_loop

Skill      XL: |  1  2  3  4  5 |
---------------+----------------+-----
Unarmed Combat | 2 3 4 5 |  5.1
Fighting       | |  3.0
Dodging        | |  1.5
Stealth        | |  4.1

Action                   |  1- 3 |  4- 6 || total
-------------------------+-------+-------++-------
Melee: Unarmed           |    56 |   113 ||   169
       Punch             |     2 |     4 ||     6
Throw: Dart              |       |     2 ||     2
Evoke: Wand              |       |     9 ||     9
  Use: Scroll            |     1 |     4 ||     5
 Stab: Sleeping          |       |     1 ||     1
Armor: Ring mail         |    12 |    27 ||    39
Dodge: Dodged            |    34 |    81 ||   115

Table legend: (Time is in decaauts)
 A = Elapsed time spent in this place.
 B = Non-inter-level travel time spent in this place.
 C = Inter-level travel time spent in this place.
 D = Time resting spent in this place.
 E = Time spent auto-exploring this place.
 F = Levels seen in this place.
 G = Mean time per level.
                   A        B        C        D        E       F      G
               +--------+--------+--------+--------+--------+-----+--------+
         Total |   2736 |   2633 |    103 |   1231 |    752 |   5 |  547.2 |
       Dungeon |   2467 |   2430 |     37 |   1231 |    556 |   4 |  616.8 |
        Temple |    268 |    202 |     66 |      0 |    196 |   1 |  268.0 |
               +--------+--------+--------+--------+--------+-----+--------+

Top non-repeatable levels by time:
     D:4: 990 daAuts
     D:5: 745 daAuts
     D:6: 727 daAuts
  Temple: 268 daAuts
     D:7: 4 daAuts
